 Dungeon Crawl Stone Soup version 0.25.1-2-g60ff931df9 (webtiles) character file.

Game seed: 5327422885825829859

12583 JayGee the Severer (level 11, -8/84 HPs)
             Began as a Minotaur Fighter on Oct 8, 2020.
             Was a Priest of Yredelemnul.
             Killed from afar by Fannar (36 damage)
             ... with a bolt of cold
             ... on level 11 of the Dungeon.
             The game lasted 01:01:14 (14597 turns).

JayGee the Severer (Minotaur Fighter)              Turns: 14597, Time: 01:01:15

Health: -8/84      AC: 15    Str: 22    XL:     11   Next: 64%
Magic:  19/19      EV:  8    Int:  6    God:    Yredelemnul [***...]
Gold:   875        SH: 14    Dex: 11    Spells: 10/10 levels left

rFire    . . .     SeeInvis .   E - +3 war axe (freeze)
rCold    . . .     Gourm    .   c - +0 kite shield
rNeg     . . .     Faith    .   y - +5 ring mail
rPois    .         Spirit   .   (helmet unavailable)
rElec    .         Reflect  +   (no cloak)
rCorr    .         Harm     .   (no gloves)
MR       ++...                  O - +1 pair of boots
Stlth    +.........             g - amulet of reflection
HPRegen  0.24/turn              D - ring of protection from magic
MPRegen  0.16/turn              B - ring of protection from magic

@: about to teleport
A: retaliatory headbutt, horns 3, molten scales 1, subdued magic 1
a: Recall Undead Slaves, Injury Mirror, Animate Dead, Renounce Religion


You were on level 11 of the Dungeon.
You worshipped Yredelemnul.
Yredelemnul was most pleased with you.
You were not hungry.

You visited 2 branches of the dungeon, and saw 12 of its levels.

You collected 875 gold pieces.

Inventory:

Hand Weapons
 a - a +0 war axe
 E - a +3 war axe of freezing (weapon)
Missiles
 K - 11 boomerangs (quivered)
Armour
 c - a +0 kite shield (worn)
 h - a +0 chain mail
 q - a +0 plate armour
 y - a +5 ring mail (worn)
 H - the cursed +1 ring mail of Ytzep {*Drain Int+5 Dex+4}
   (You found it on level 6 of the Dungeon)

   It affects your intelligence (+5).
   It affects your dexterity (+4).
   It causes draining when unequipped.
   It has a curse placed upon it.
 O - a +1 pair of boots (worn)
Jewellery
 g - an amulet of reflection (around neck)
 i - an uncursed ring of protection from fire
 s - an uncursed ring of protection from magic
 B - a ring of protection from magic (right hand)
 D - a ring of protection from magic (left hand)
 F - an uncursed amulet of reflection
 G - an uncursed ring of see invisible
 I - an uncursed ring of positive energy
 J - a cursed ring of poison resistance
 M - a +6 ring of dexterity
 Q - an uncursed ring of flight {unknown}
 R - an uncursed ring of protection from cold
 U - the ring "Sato Kut" {Fire rElec rN+ MR+ Slay-4}
   (You took it off an orc warrior on level 10 of the Dungeon)

   [ring of fire]

   It enhances your fire magic.
   It affects your accuracy and damage with ranged weapons and melee attacks
   (-4).
   It protects you from fire.
   It makes you vulnerable to cold.
   It insulates you from electricity.
   It protects you from negative energy.
   It affects your resistance to hostile enchantments.
Wands
 d - a wand of polymorph (13)
 A - a wand of clouds (7)
 N - a wand of enslavement (2)
Scrolls
 b - 2 scrolls of blinking {unknown}
 e - 4 scrolls of remove curse {unknown}
 l - a scroll of teleportation
 m - a scroll of noise {unknown}
 o - 2 scrolls of enchant weapon
 r - a scroll of fear {unknown}
 t - 2 scrolls of enchant armour
 u - a scroll of amnesia
 w - a scroll of magic mapping
 C - 2 scrolls of random uselessness {unknown}
 P - a scroll of vulnerability {unknown}
 S - 2 scrolls of identify
Potions
 j - 4 potions of curing
 k - a potion of mutation
 n - a potion of stabbing {unknown}
 p - 3 potions of lignification
 x - 2 potions of brilliance {unknown}
 z - 2 potions of resistance {unknown}
 L - 2 potions of degeneration {unknown}
 T - a potion of might
 W - a potion of ambrosia {unknown}
 X - a potion of flight {unknown}
Miscellaneous
 v - a phial of floods
Comestibles
 f - 14 rations
 V - 10 chunks of flesh


   Skills:
 - Level 4.1 Fighting
 + Level 15.7 Axes
 - Level 4.0 Armour
 - Level 4.1 Shields
 + Level 12.1 Invocations


You had 10 spell levels left.
You didn't know any spells.
Your spell library contained the following spells:

 Spells                   Type           Power        Failure   Level  Hunger
 Foxfire                  Conj/Fire      #...         96%         1    ##.....
 Magic Dart               Conj           #...         96%         1    ##.....
 Searing Ray              Conj           #.....       99%         2    ###....
 Conjure Flame            Conj/Fire      #.......     100%        3    ####...
 Dazzling Flash           Conj/Hex       #.....       100%        3    ####...
 Inner Flame              Hex/Fire       #.......     100%        3    ####...
 Fulminant Prism          Conj/Hex       #.........   100%        4    #####..
 Iskenderun's Mystic Bla  Conj/Tloc      #.......     100%        4    #####..
 Sticky Flame             Conj/Fire      #.......     100%        4    #####..
 Fireball                 Conj/Fire      #.........   100%        5    ######.


Dungeon Overview and Level Annotations

Branches:
Dungeon (11/15)            Temple (1/1) D:5            Lair (0/6) D:11
    Orc (0/2) D:11

Altars:
Ashenzari
Cheibriados
Dithmenos
Elyvilon
Fedhas
Gozag
Hepliaklqana
Kikubaaqudgha
Makhleb
Nemelex Xobeh
Okawaru
Qazlal
Ru
Sif Muna
Trog
Uskayaw
Vehumet
Wu Jian
Xom
Yredelemnul
Zin
The Shining One
Lugonu

Shops:
D:4 *   D:6 *   D:8 =

Annotations:
D:11 Fannar


Innate Abilities, Weirdness & Mutations

You reflexively headbutt those who attack you in melee.
You have a pair of large horns on your head.
You are partially covered in molten scales. (AC +2)
Your spells are a little easier to cast, but a little less powerful.


Message History

You hit Fannar.
Fannar is lightly wounded.
Fannar hits you with an uncursed staff of cold.
Fannar freezes you.
You hit Fannar.
Fannar is moderately wounded.
Fannar hits you with an uncursed staff of cold.
Fannar freezes you!
You slash Fannar! Your headbutt misses Fannar.
Fannar is moderately wounded.
As you read the scroll of teleportation, it crumbles to dust.
You feel strangely unstable.
Fannar hits you with an uncursed staff of cold.
Fannar freezes you.
You slice Fannar!! You freeze Fannar. Your headbutt misses Fannar.
Fannar is heavily wounded.
Fannar points at you and mumbles some strange words.
The bolt of cold hits you!!!
You die...
Your body rises from the dead as a mindless zombie.

....############.#
.#.#.###########.#
..#..#...........#
#.#.##...........#
.#####..########.#
#.# #...>.......#
#.## #...........#
.M.# ###########.#
#..## #######@#
#.#.# .......e#
.##.## ...(....#
..#..# ........#
##..## ########.#
#.### .........#
#. .........# #.
.........# #.##
..%......#


You could see Fannar (icy armour).

Vanquished Creatures
  2 two-headed ogres (D:9)
  Erica (D:8)
  An unseen horror (D:10)
  A deep elf mage (D:9)
  2 trolls
  5 slime creatures (D:10)
  6 hippogriffs
  A shadow (D:9)
  6 yaks (D:11)
  A vampire (D:9)
  Grum (D:8)
  4 hogs (D:8)
  A human (D:8)
  4 hungry ghosts
  2 water moccasins (D:11)
  2 orc warriors
  2 sky beasts
  4 wolves (D:8)
  4 phantoms
  3 ogres
  5 centaurs
  A crocodile (D:10)
  A big kobold (D:11)
  6 bullfrogs
  A troll zombie (D:11)
  A wyvern skeleton (D:9)
  10 killer bees
  3 scorpions
  3 wights (D:9)
  An electric eel (D:10)
  5 crimson imps
  A bullfrog zombie (D:7)
  A quasit (D:9)
  A jelly (D:3)
  4 orc wizards
  3 bullfrog skeletons
  An orc priest (D:5)
  3 hounds (D:9)
  2 centaur skeletons
  A gnoll shaman (D:6)
  Terence (D:3)
  An iguana (D:7)
  9 worker ants
  5 ogre zombies (D:11)
  3 hound zombies
  2 hound skeletons
  A mummy (D:5)
  3 gnolls (D:6)
  12 adders
  5 worms
  2 dart slugs
  9 leopard geckos
  32 orcs
  10 bats
  5 giant cockroaches
  8 goblins
  6 hobgoblins
  14 jackals
  3 quokkas
  2 ball pythons
  9 frilled lizards
  2 goblin zombies (D:11)
  A hobgoblin zombie (D:11)
  11 kobolds
  A leopard gecko skeleton (D:9)
  10 orc zombies (D:11)
  A quokka skeleton (D:5)
  5 rats
  A plant (D:10)
281 creatures vanquished.

Vanquished Creatures (others)
  2 mummies (D:11)
  9 plants (D:10)
11 creatures vanquished.

Grand Total: 292 creatures vanquished

Notes
Turn   | Place    | Note
-------+----------+-------------------------------------------
     0 | D:1      | JayGee the Minotaur Fighter began the quest for the Orb.
     0 | D:1      | Reached XP level 1. HP: 19/19 MP: 0/0
   180 | D:1      | Reached XP level 2. HP: 27/27 MP: 1/1
   706 | D:2      | Found a shadowy altar of Dithmenos.
   771 | D:2      | Reached skill level 3 in Axes
   837 | D:2      | Reached XP level 3. HP: 33/33 MP: 2/2
   841 | D:2      | Found a sacrificial altar of Ru.
   995 | D:2      | Found a blossoming altar of Fedhas.
  1017 | D:2      | Reached skill level 4 in Axes
  1226 | D:2      | Reached XP level 4. HP: 40/40 MP: 3/3
  1276 | D:2      | Found a white marble altar of Elyvilon.
  1878 | D:3      | Reached skill level 5 in Axes
  1883 | D:3      | Reached XP level 5. HP: 32/46 MP: 4/4
  2236 | D:3      | Reached skill level 6 in Axes
  2383 | D:3      | Noticed Terence
  2398 | D:3      | Killed Terence
  2829 | D:4      | Reached XP level 6. HP: 47/52 MP: 5/5
  2876 | D:4      | Found an opulent altar of Gozag.
  2912 | D:4      | Reached skill level 7 in Axes
  2961 | D:4      | Found Beacw's Assorted Antiques.
  2988 | D:4      | Found a stormy altar of Qazlal.
  3261 | D:4      | Reached skill level 8 in Axes
  3324 | D:4      | Found a shimmering blue altar of Sif Muna.
  3377 | D:5      | Entered Level 5 of the Dungeon
  3425 | D:5      | Found a staircase to the Ecumenical Temple.
  3431 | Temple   | Entered the Ecumenical Temple
  3536 | Temple   | Became a worshipper of Yredelemnul the Dark
  3647 | D:5      | Reached skill level 1 in Invocations
  3804 | D:5      | Reached XP level 7. HP: 58/59 MP: 6/6
  4218 | D:5      | Found a snail-covered altar of Cheibriados.
  4377 | D:5      | Found a glowing silver altar of Zin.
  4713 | D:6      | Got a polished ring mail
  4714 | D:6      | Identified the cursed +1 ring mail of Ytzep {*Drain Int+5
                  | Dex+4} (You found it on level 6 of the Dungeon)
  4731 | D:6      | Found Pobai's Assorted Antiques.
  4733 | D:6      | Found a burning altar of Makhleb.
  4917 | D:6      | Reached * piety under Yredelemnul
  5010 | D:6      | Found a bloodstained altar of Trog.
  5102 | D:6      | Reached skill level 9 in Axes
  5870 | D:7      | Noticed a hippogriff
  5876 | D:7      | Killed a hippogriff
  5876 | D:7      | Reached XP level 8. HP: 66/66 MP: 8/10
  5946 | D:7      | Reached skill level 10 in Axes
  5950 | D:7      | Reached skill level 5 in Invocations
  6657 | D:7      | Reached ** piety under Yredelemnul
  6827 | D:7      | Reached skill level 11 in Axes
  6940 | D:7      | Reached XP level 9. HP: 71/71 MP: 12/12
  7088 | D:8      | Found Oxoineis's Jewellery Boutique.
  7101 | D:8      | Noticed Grum
  7121 | D:8      | Killed Grum
  7370 | D:8      | Found a glowing golden altar of the Shining One.
  7520 | D:8      | Noticed Erica
  7578 | D:8      | Killed Erica
  7578 | D:8      | Reached skill level 12 in Axes
  7788 | D:8      | Gained mutation: Your spells are a little easier to cast,
                  | but a little less powerful. [potion of mutation]
  7788 | D:8      | Gained mutation: You are partially covered in molten
                  | scales. (AC +2) [potion of mutation]
  7788 | D:8      | Gained mutation: You have a pair of large horns on your
                  | head. [potion of mutation]
  8279 | D:8      | Found a hazy altar of Hepliaklqana.
  8281 | D:8      | Found a shimmering altar of Xom.
  8282 | D:8      | Noticed a spectral ugly thing
  8407 | D:8      | Reached XP level 10. HP: 75/78 MP: 15/15
  8415 | D:8      | Reached skill level 13 in Axes
  8946 | D:9      | Noticed a two-headed ogre
  8959 | D:9      | Killed a two-headed ogre
  9608 | D:9      | Noticed a deep elf mage
  9620 | D:9      | Killed a deep elf mage
  9620 | D:9      | Reached skill level 10 in Invocations
  9623 | D:9      | HP: 2/78 [vampire/vampiric draining (15)]
  9978 | D:9      | Noticed a two-headed ogre
  9994 | D:9      | Killed a two-headed ogre
  9994 | D:9      | Reached skill level 14 in Axes
 10253 | D:9      | Reached *** piety under Yredelemnul
 10300 | D:9      | Reached XP level 11. HP: 84/84 MP: 18/18
 10667 | D:10     | Entered Level 10 of the Dungeon
 11772 | D:10     | Identified the ring "Sato Kut" {Fire rElec rN+ MR+ Slay-4}
 12046 | D:10     | HP: 2/84 [large slime creature (15)]
 12048 | D:10     | Reached skill level 15 in Axes
 12852 | D:10     | Killed an unseen horror
 13475 | D:11     | Noticed Fannar
 14028 | D:11     | Found a staircase to the Lair.
 14219 | D:11     | Received a gift from Yredelemnul (a mummy)
 14232 | D:11     | Found a staircase to the Orcish Mines.
 14386 | D:11     | Received a gift from Yredelemnul (a mummy)
 14597 | D:11     | Killed from afar by Fannar

Illustrated notes

Levels and vault maps discovered:
D:1:      lightli_arrival_lavapool, layout_basic
D:2:      layout_loops_ring, elyvilon_altar_1, old_standard_altar,
          nicolae_overflow_crystal_walls, overflow_temple_1_default,
          minmay_distorted
D:3:      layout_loops_ring, minivault_4, uniq_terence
D:4:      minmay_diamond_boxcup, layout_rooms, lemuel_blue_sif_altar,
          overflow_temple_1_default,
          nicolae_gozag_cash_rules_everything_around_me, first_ration,
          serial_shops, shop
D:5:      layout_loops_ring, slow_altar_2, zin_treasury,
          minmay_temple_entry_nine_rooms
D:6:      layout_basic, lemuel_round_altar, nicolae_overflow_hidden_temple,
          serial_shops, shop_fountains
D:7:      layout_loops_ring
D:8:      layout_rooms, regret_index_temple_of_mockery, tso_metal_star,
          serial_shops, shop, serial_curves, eino_curves_01, eino_curves_03,
          grunt_livestock, uniq_grum, uniq_erica
D:9:      minmay_ornate_pinched, layout_loops_corners
D:10:     layout_loops_ring, serial_bayou_lagoon_a
D:11:     layout_long_grid, lair_entry_dummy, zombieorc1_lemuel, uniq_fannar
Temple:   corrupted_temple

Skill      XL: |  1  2  3  4  5  6  7  8  9 10 11 |
---------------+----------------------------------+-----
Shields        | 4 |  4.1
Fighting       | 4 |  4.1
Armour         | 4 |  4.0
Axes           | 3 4 5 6 8 9 11 12 14 15 | 15.7
Invocations    | 1 4 6 8 10 12 | 12.1

Action                   |  1- 3 |  4- 6 |  7- 9 | 10-12 || total
-------------------------+-------+-------+-------+-------++-------
Melee: War axe           |   110 |   196 |   274 |   374 ||   954
       Headbutt          |    13 |    24 |    41 |    74 ||   152
Throw: Boomerang         |       |       |     1 |     5 ||     6
Invok: Injury Mirror     |       |       |     1 |     1 ||     2
       Animate Dead      |       |       |       |     1 ||     1
  Use: Scroll            |       |     3 |    13 |     8 ||    24
       Potion            |       |       |     5 |     2 ||     7
  Eat: Chunk             |     1 |     5 |    11 |     6 ||    23
       Ration            |       |     1 |     3 |     4 ||     8
Armor: Scale mail        |    10 |       |       |       ||    10
       Chain mail        |    88 |    66 |       |       ||   154
       Ring mail         |       |    18 |    62 |   117 ||   197
       Skin              |       |       |     5 |       ||     5
Dodge: Dodged            |    37 |    44 |    63 |    57 ||   201
Block: Kite shield       |    69 |   129 |   200 |   244 ||   642
       Reflection        |       |     1 |     4 |     7 ||    12
